AoeStats
← AndoTheCommando

Arabia

509587335Analyzed
1v1 RM · 5d ago on Sep 27, 2026· 45m 22s· 2 players
Game mode
Random Map
Map size
Tiny (2 player)
Population
200
Speed
Normal
Resources
Standard
Victory
Conquest
Starting age
Dark Age
Ending age
Imperial Age
RankedLock teamsTeams togetherTeam positionsShared explorationLock speedFull tech treeHidden civsTurbo modeCheats
Victory
Defeat
🇦🇺 Danes · Australia
1324
+19
🇦🇺 Malians · Australia
1384
-19
AndoTheCommando
7:21 Loom
9:50 Feudal Age
10:22 Double-Bit Axe
9:58 Man-at-Arms
12:20 Arson
16:18 Fletching
17:48 Wheelbarrow
22:33 Castle Age
21:34 Scale Mail Armor
22:14 Forging
21:58 Horse Collar
22:08 Gold Mining
22:39 Long Swordsman
23:36 Chain Mail Armor
24:15 Bow Saw
25:44 Squires
25:29 Gambesons
32:34 Stone Mining
33:31 Bodkin Arrow
34:21 Hand Cart
39:11 Imperial Age
37:12 Heavy Plow
38:31 Gold Shaft Mining
39:00 Iron Casting
40:03 Onager
41:09 Conscription
42:14 Chemistry
41:55 Elite Varangian Guard
43:15 Plate Mail Armor
43:20 Northmen's Fury
45:10 Blast Furnace
45:04 Town Watch
JuanWicko
6:07 Loom
9:03 Feudal Age
9:53 Double-Bit Axe
9:52 Horse Collar
16:26 Fletching
18:11 Town Watch
22:47 Castle Age
22:16 Wheelbarrow
22:26 Padded Archer Armor
22:49 Crossbowman
23:28 Bodkin Arrow
24:07 Bow Saw
26:49 Gold Mining
29:09 Heavy Plow
29:39 Ballistics
31:35 Guard Tower
35:32 Thumb Ring
37:11 Leather Archer Armor
40:41 Imperial Age
38:59 Stone Mining
40:56 Tigui
42:22 Chemistry
40:58 Arbalester
43:25 Masonry
Connection lost

Rejoining the realm…

Still unreachable

The connection could not be restored.

Session expired

The server has moved on; the page needs a fresh start.